 Seeded DCSS version 0.30-a0-241-g1121274140 (webtiles) character file.

Game seed: 5951470739221675227 (custom seed)

195 gzilladon the Trooper (level 5, -9/49 HPs)
             Began as a Naga Fighter on Oct 10, 2022.
             Mangled by a gnoll
             ... wielding a +0 halberd
              (10 damage)
             ... on level 3 of the Dungeon.
             The game lasted 00:06:26 (1863 turns).

gzilladon the Trooper (Naga Fighter)                Turns: 1863, Time: 00:06:27

Health: -9/49      AC:  5    Str: 21    XL:     5   Next: 74%
Magic:  5/5        EV:  4    Int:  8    God:
Gold:   99         SH: 11    Dex: 10    Spells: 4/4 levels left

rFire   . . .      SeeInvis +    i - +4 spear
rCold   . . .      Faith    .    p - +0 tower shield
rNeg    . . .      Spirit   .    b - +0 scale mail
rPois   +          Reflect  .    (no helmet)
rElec   .          Harm     .    (no cloak)
rCorr   .          Rampage  .    (no gloves)
Will    .....                    (no barding)
Stlth   ..........               (no amulet)
HPRegen 0.28/turn                (no ring)
MPRegen 0.09/turn                (no ring)

@: mighty, very slow
A: AC +1, large, see invisible, deformed body, poison resistance, slowness 2,
spit poison 1, naga tail 1
a: Spit Poison


You were on level 3 of the Dungeon.
You visited 1 branch of the dungeon, and saw 3 of its levels.

You collected 99 gold pieces.

Inventory:

Hand Weapons
 a - a +0 war axe
 i - a +4 spear (weapon)
Missiles
 h - 25 stones
 k - 13 poisoned darts
Armour
 b - a +0 scale mail (worn)
 c - a +0 buckler
 p - a +0 tower shield (worn)
Jewellery
 g - an amulet of faith
Scrolls
 f - a scroll of vulnerability {unknown}
 m - 2 scrolls of enchant weapon {unknown}
 n - 3 scrolls of identify {unknown}
 o - 2 scrolls of teleportation {unknown}
 q - a scroll of noise {unknown}
 r - a scroll of fog {unknown}
 t - a scroll of enchant armour {unknown}
Potions
 e - a potion of haste {unknown}
 j - 3 potions of curing {unknown}
 l - 2 potions of ambrosia {unknown}
 s - 2 potions of degeneration {unknown}
 u - a potion of invisibility {unknown}
 v - a potion of brilliance {unknown}


   Skills:
 + Level 3.6 Fighting
 + Level 2.6(3.2) Axes
 * Level 2.8(3.3) Polearms
 + Level 3.0 Armour
 + Level 0.5 Dodging
 + Level 3.4 Shields


You had 4 spell levels left.
You didn't know any spells.
Your spell library contained the following spells:

 Spells                   Type           Power      Damage    Failure   Level
 Summon Small Mammal      Summ           0%         N/A       100%        1
 Call Canine Familiar     Summ           0%         N/A       100%        3
 Gell's Gravitas          Tloc           0%         N/A       100%        3
 Lesser Beckoning         Tloc           0%         N/A       100%        3
 Summon Guardian Golem    Hex/Summ       0%         N/A       100%        3
 Teleport Other           Tloc           0%         N/A       100%        3


Dungeon Overview and Level Annotations

Branches:
Dungeon (3/15)

Altars:

Annotations:
D:3 1 runed translucent door, liarliar's ghost, amateur SpRe


Innate Abilities, Weirdness & Mutations

Your serpentine skin is tough. (AC +1)
You have supernaturally acute eyesight. (SInv)
Armour fits poorly on your strangely shaped body.
Your system is resistant to poisons. (rPois)
You cover ground very slowly.
You can spit poison.
You have a snake-like lower body.


Message History

The adder bites you. You block the gnoll's attack.
The adder bites you but does no damage.
You hit the gnoll.
The gnoll is moderately wounded.
You block the gnoll's attack.
The adder bites you but does no damage. x2
You hit the gnoll.
The gnoll is moderately wounded.
You block the adder's attack.
The gnoll hits you from afar with a +0 spear.
The gnoll barely misses you. The adder bites you.
You puncture the adder!
The adder is almost dead.
The adder bites you but does no damage.
The gnoll hits you from afar with a +0 spear.
The adder bites you. The gnoll hits you but does no damage.
You barely miss the adder.
The adder is almost dead.
The adder bites you. You block the gnoll's attack.
The gnoll hits you from afar with a +0 halberd.
You closely miss the adder.
The adder is severely wounded.
The adder bites you but does no damage.
The gnoll hits you from afar with a +0 spear.
You block the gnoll's attack. The adder bites you but does no damage.
You hit the adder.
You kill the adder!
The gnoll hits you from afar with a +0 spear!
The gnoll hits you from afar with a +0 halberd.
You hit the gnoll.
The gnoll is severely wounded.
You block the gnoll's attack. x2
The gnoll hits you from afar with a +0 halberd!
* * * LOW HITPOINT WARNING * * *
You feel very mighty all of a sudden.
The gnoll hits you from afar with a +0 spear.
* * * LOW HITPOINT WARNING * * *
You block the gnoll's attack.
The gnoll hits you from afar with a +0 halberd!
You die...

######
#....#
##....#
####.....#
......ggg#
#g# ###
#@# # #..
#.# .. ...
### #.# ..
#.# #P8P
#.# ## #.#
#.[W #.#
## #.#
##+# #.#
.###.#
#...##.#
.....###
#......#
###.†..##
##.....#


You could see 4 gnolls.

Vanquished Creatures
  Natasha (thrice) (D:2)
  5 adders
  2 worms (D:2)
  A dart slug (D:2)
  7 ball pythons
  5 bats
  5 endoplasms
  A giant cockroach (D:1)
  7 goblins
  8 hobgoblins
  8 jackals
  6 kobolds
  4 quokkas
  2 frilled lizards
  2 rats (D:1)
66 creatures vanquished.

Vanquished Creatures (others)
  2 plants (D:1)
2 creatures vanquished.

Grand Total: 68 creatures vanquished

Notes
Turn   | Place    | Note
-------+----------+-------------------------------------------
     0 | D:1      | gzilladon the Naga Fighter began the quest for the Orb.
     0 | D:1      | Reached XP level 1. HP: 21/21 MP: 1/1
    40 | D:1      | Reached XP level 2. HP: 18/28 MP: 2/2
   496 | D:1      | Reached XP level 3. HP: 34/34 MP: 3/3
   715 | D:2      | Noticed Natasha
   721 | D:2      | Killed Natasha
   722 | D:2      | Reached skill level 1 in Polearms
   722 | D:2      | Reached XP level 4. HP: 42/42 MP: 4/4
   828 | D:2      | Found a faded altar of an unknown god.
  1016 | D:2      | Noticed Natasha
  1027 | D:2      | Killed Natasha
  1028 | D:2      | Reached XP level 5. HP: 28/49 MP: 5/5
  1059 | D:2      | Noticed Natasha
  1077 | D:2      | Killed Natasha
  1838 | D:3      | Found a runed translucent door.
  1840 | D:3      | Noticed liarliar's ghost (amateur SpRe)
  1863 | D:3      | HP: 1/49 [gnoll/+0 spear (6)]
  1863 | D:3      | Mangled by a gnoll

Illustrated notes

Levels and vault maps discovered:
D:1:      heliophobic_arrival_enchanted_forest, layout_rooms,
          serial_bayou_pond_c, st_stairs_10
D:2:      layout_rooms, ebering_ecumenical_altar_box, serial_corexii_hall,
          corexii_hall_statues_i, chequers_hall_statues_corner_a, uniq_natasha
D:3:      layout_rooms, gammafunk_ghost_grave

Skill      XL: |  1  2  3  4 |
---------------+-------------+-----
Shields        | 3 |  3.4
Polearms       | 1 2 |  2.8
Armour         | 3 |  3.0
Fighting       | |  3.6
Axes           | |  2.6
Dodging        | |  0.5

Action                   |  1- 3 |  4- 6 || total
-------------------------+-------+-------++-------
Melee: War axe           |    17 |       ||    17
       Spear             |    44 |   108 ||   152
  Use: Potion            |       |     1 ||     1
Armor: Scale mail        |    21 |    51 ||    72
Dodge: Dodged            |    17 |    12 ||    29
Block: Buckler           |    15 |     2 ||    17
       Tower shield      |       |    73 ||    73

Table legend: (Time is in decaauts)
 A = Elapsed time spent in this place.
 B = Non-inter-level travel time spent in this place.
 C = Inter-level travel time spent in this place.
 D = Time resting spent in this place.
 E = Time spent auto-exploring this place.
 F = Levels seen in this place.
 G = Mean time per level.
                   A        B        C        D        E       F      G
               +--------+--------+--------+--------+--------+-----+--------+
         Total |   2442 |   2147 |    295 |    296 |      0 |   3 |  814.0 |
       Dungeon |   2442 |   2147 |    295 |    296 |      0 |   3 |  814.0 |
               +--------+--------+--------+--------+--------+-----+--------+

Top non-repeatable levels by time:
     D:2: 1050 daAuts
     D:1: 781 daAuts
     D:3: 610 daAuts
